Map: Светотень РВ

Players

ИИ 1 (новичок) - Winner!

  • Race: Zerg Zerg
  • Spawn Location: 5:00

talismanTV

  • Race: Terran Terran
  • League: Master
  • Spawn Location: 11:00

VOD

Have the link to the VOD?

Description

Time

  • Played on: March 9, 2021, 12:12 p.m.
  • Length: 5:07
Show
View Real Time Build Order
Export as new Build Order

ИИ 1 (новичок) Zerg - Winner!

Build Orders: Hatch First 

Get SALT Encoding   

  12  0:00  Drone  
  13  0:12  Overlord  
  13  0:16  Drone  
  14  0:41  Hatchery  
  13  0:45  Drone  
  14  1:03  Spawning Pool  
  13  1:04  Extractor  
  13  1:08  Drone  
  13  1:15  Drone  
  14  1:20  Overlord  
  14  1:50  Zergling x2  
  14  1:51  Queen  
  14  1:52  Zergling x2  
  18  2:01  Roach Warren  
  18  2:03  Extractor  
  18  2:06  Drone  
  17  2:14  Drone  
  18  2:16  Zergling x2  
  18  2:21  Drone  
  20  2:28  Drone  
  21  2:35  Drone  
  22  2:42  Drone  
  23  2:50  Drone  
  24  2:54  Lair  
  25  2:58  Drone  
  22  3:25  Drone  
  23  3:32  Drone, Zergling x2  
  25  3:39  Drone  
  26  3:47  Drone  
  27  3:51  Overlord  
  27  3:53  Spire  
  27  3:54  Drone  
  27  4:01  Drone  
  28  4:08  Drone  
  29  4:10  Zergling x2  
  29  4:16  Drone  
  31  4:18  Overseer  
  31  4:22  Overseer  
  31  4:23  Drone  
  32  4:29  Overlord  
  32  4:30  Drone  
  33  4:37  Drone  
  32  4:44  Drone  
  33  4:48  Zergling x2  
  33  4:51  Drone  
  36  5:00  Extractor  
Show
View Real Time Build Order
Export as new Build Order

talismanTV Terran 

Build Orders: 1/1/1, Hellion Opening 

Get SALT Encoding   

  12  0:00  SCV  
  13  0:13  SCV  
  14  0:17  Supply Depot  
  14  0:25  SCV  
  14  0:27  Refinery  
  15  0:38  SCV  
  16  0:44  Barracks  
  16  0:51  SCV  
  16  0:54  Refinery  
  17  1:03  SCV  
  18  1:15  SCV  
  19  1:31  Orbital Command  
  19  1:33  Factory, Barracks Reactor  
  19  1:43  Supply Depot  
  19  1:57  SCV  
  20  2:10  SCV  
  21  2:18  Starport  
  21  2:22  SCV, Hellion x2  
  26  2:34  Supply Depot  
  26  2:43  SCV  
  26  2:44  Hellion x2  
  31  3:00  Fusion Core  
  31  3:02  Starport Tech Lab  
  31  3:04  SCV  
  32  3:16  Hellion x2  
  36  3:30  Supply Depot  
  36  3:51  Battlecruiser  
  36  3:53  Hellion x2  
  46  3:59  Armory  
  46  4:15  Supply Depot  
  46  4:33  Hellion x2  
  46  4:34  Supply Depot  
Tags
 
Add a new tag
Caveats
  • Supply blocks, unpowered buildings, or Contaminate may cause inaccurate times.
  • Supply counts are checked every 10 seconds.